 Seeded DCSS version 0.28-a0-861-ge64d6db94f (webtiles) character file.

Game seed: 20211113 (custom seed)

142 a11behringer the Chopper (level 5, -4/46 HPs)
             Began as a Hill Orc Cinder Acolyte on Nov 16, 2021.
             Was a High Priest of Ignis.
             Killed from afar by an orc wizard (6 damage)
             ... with a magic dart
             ... on level 3 of the Dungeon.
             The game lasted 00:10:39 (3036 turns).

a11behringer the Chopper (Hill Orc Cinder Acolyte)  Turns: 3036, Time: 00:10:39

Health: -4/46      AC:  3    Str: 17    XL:     5   Next: 24%
Magic:  7/7        EV: 11    Int: 15    God:    Ignis [*****.]
Gold:   59         SH:  0    Dex:  6    Spells: 4/6 levels left

rFire   + . .      SeeInvis .   a - -1 hand axe (flame)
rCold   . . .      Faith    .   (no shield)
rNeg    . . .      Spirit   .   b - +0 robe
rPois   .          Reflect  .   (no helmet)
rElec   .          Harm     .   (no cloak)
rCorr   .          Rampage  .   (no gloves)
Will    .....                   i - +0 pair of boots
Stlth   +.........              (no amulet)
HPRegen 0.15/turn               (no ring)
MPRegen 0.10/turn               (no ring)

@: confused
A: no striking features
a: Renounce Religion, Sea of Fire, Foxfire Swarm


You were on level 3 of the Dungeon.
You worshipped Ignis.
Ignis was extremely pleased with you.
You visited 1 branch of the dungeon, and saw 6 of its levels.

You collected 59 gold pieces.

Inventory:

Hand Weapons
 a - a -1 hand axe of flaming (weapon)
Armour
 b - a +0 robe (worn)
 f - a +0 tower shield
 i - a +0 pair of boots (worn)
Scrolls
 e - a scroll of teleportation
 h - a scroll of immolation {unknown}
 j - a scroll of silence {unknown}
Potions
 c - a potion of mutation {unknown}
 d - a potion of berserk rage
 g - a potion of curing
 k - a potion of degeneration


   Skills:
 + Level 4.1 Fighting
 * Level 5.9 Axes
 + Level 0.2 Dodging
 + Level 0.4 Stealth
 + Level 1.4 Spellcasting
 + Level 4.3 Fire Magic


You had 4 spell levels left.
You knew the following spells:

 Your Spells              Type           Power      Damage    Failure   Level
a - Scorch                Fire           26%        2d6       6%          2

Your spell library contained the following spells:

 Spells                   Type           Power      Damage    Failure   Level
 Blink                    Tloc           2%         N/A       34%         2
 Passwall                 Tmut/Erth      0%         N/A       34%         2
 Swiftness                Air            1%         N/A       56%         3
 Flame Wave               Conj/Fire      7%         3d4       67%         4
 Manifold Assault         Tloc           1%         N/A       100%        5
 Summon Cactus Giant      Summ           0%         N/A       100%        6
 Storm Form               Tmut/Air       0%         N/A       100%        7


Dungeon Overview and Level Annotations

Branches:
Dungeon (6/15)
 Temple: D:4-7

Altars:
Ru

Shops:
D:3 [

Annotations:
D:4 Robin


Message History

Something hits you. x2
You hit something but do no damage.
You hear some strange, mumbled words.
A magic dart appears from out of thin air!
The magic dart hits you!
You barely miss something. Something hits you.
You closely miss something.
You hear some strange, mumbled words.
A magic dart appears from out of thin air!
The magic dart hits you!
* * * LOW HITPOINT WARNING * * *
You hit something. You burn something.
You hear some strange, mumbled words.
A puff of flame appears from out of thin air!
The puff of flame hits you. You resist.
* * * LOW HITPOINT WARNING * * *
You closely miss something. Something hits you.
* * * LOW HITPOINT WARNING * * *
Something hits you.
* * * LOW HITPOINT WARNING * * *
You feel better. Something hits you.
* * * LOW HITPOINT WARNING * * *
You miss something. Something hits you.
* * * LOW HITPOINT WARNING * * *
You hear some strange, mumbled words.
You are confused.
You bump into the rock wall.
Something hits you.
* * * LOW HITPOINT WARNING * * *
You completely miss something. Something hits you but does no damage.
Unknown command.
You miss something. Something completely misses you.
You hear some strange, mumbled words.
You are more confused.
You're too confused to move!
Something hits you.
* * * LOW HITPOINT WARNING * * *
You bump into the rock wall.
You hear some strange, mumbled words.
A magic dart appears from out of thin air!
The magic dart hits you.
You die...

....### #.............# #...#
......# ####..........# #...#
......# #..........# #.P.#
......# #..........# #.P.#
......# ##############.# #.P.#
......# #..............#####.P.#
......# #.#.....................
##+#######.#.################...#
...........{@)............#.<
.#####.#.################.#..
###.#........... #####.#†.
................. ......#..
####...#.o######! ####....
.........######< #.......
..#...#.#...g.... #...._.. .
#...#.......... #......o
#...#.......... #......o


There were no monsters in sight!

Vanquished Creatures
  An orc priest (D:3)
  Terence (D:3)
  An orc wizard (D:3)
  An adder (D:3)
  2 dart slugs
  4 orcs
  5 endoplasms
  A giant cockroach (D:2)
  7 goblins
  4 hobgoblins
  4 jackals (D:1)
  4 kobolds (D:1)
  A quokka (D:2)
  3 ball pythons
  A bat (D:2)
  A frilled lizard (D:2)
  A rat (D:2)
42 creatures vanquished.

Vanquished Creatures (others)
  2 plants (D:2)
2 creatures vanquished.

Grand Total: 44 creatures vanquished

Notes
Turn   | Place    | Note
-------+----------+-------------------------------------------
     0 | D:1      | a11behringer the Hill Orc Cinder Acolyte began the quest
                  | for the Orb.
     0 | D:1      | Reached XP level 1. HP: 19/19 MP: 2/2
   216 | D:1      | Reached XP level 2. HP: 21/27 MP: 3/3
   748 | D:2      | Reached XP level 3. HP: 25/33 MP: 4/4
   751 | D:2      | Learned a level 2 spell: Scorch
  1760 | D:2      | Reached skill level 5 in Axes
  1920 | D:3      | Reached XP level 4. HP: 17/40 MP: 1/5
  2176 | D:3      | Found Syottois's Antique Armour Shoppe.
  2201 | D:3      | Found a sacrificial altar of Ru.
  2226 | D:3      | Noticed Terence
  2587 | D:3      | You fall into a shaft and drop 3 floors!
  2620 | D:6      | Noticed a phantom
  2623 | D:5      | Entered Level 5 of the Dungeon
  2623 | D:5      | Noticed an ogre
  2643 | D:4      | Noticed Robin
  2777 | D:3      | Killed Terence
  2850 | D:3      | Reached XP level 5. HP: 22/46 MP: 1/7
  3035 | D:3      | HP: 2/46 [something (2)]
  3036 | D:3      | Killed from afar by an orc wizard

Illustrated notes

Levels and vault maps discovered:
D:1:      minmay_arrival_four_loops, layout_loops_ring
D:2:      layout_loops_ring, serial_forest, infiniplex_forest_clump_medium,
          infiniplex_forest_straight_1, infiniplex_forest_straight_2,
          infiniplex_forest_split
D:3:      layout_basic, mainiacjoe_overflow_boulevard, serial_shops,
          nicolae_shop_overgrown_old_shop, minmay_surrounded, uniq_jessica,
          uniq_terence
D:4:      gammafunk_wand_slinger, layout_loops_ring, minmay_temple_entry_glass,
          uniq_robin, uniq_duvessa
D:5:      layout_rooms, gammafunk_ghost_grave, minmay_misc_feat_columns,
          kennysheep_another_room, solitary_fountain,
          chequers_serial_rivers_small_3
D:6:      layout_loops_ring

Skill      XL: |  1  2  3 |
---------------+----------+-----
Axes           | 5 |  5.9
Fighting       | 4 |  4.1
Fire Magic     | 4 |  4.3
Dodging        | |  0.2
Stealth        | |  0.4
Spellcasting   | |  1.4

Action                   |  1- 3 |  4- 6 || total
-------------------------+-------+-------++-------
Melee: Hand axe          |    69 |    30 ||    99
 Cast: Scorch            |     8 |    13 ||    21
Invok: Rising Flame      |       |     1 ||     1
  Use: Scroll            |     1 |     3 ||     4
       Potion            |       |     2 ||     2
Armor: Robe              |    16 |     2 ||    18
Dodge: Dodged            |    29 |     8 ||    37

Table legend: (Time is in decaauts)
 A = Elapsed time spent in this place.
 B = Non-inter-level travel time spent in this place.
 C = Inter-level travel time spent in this place.
 D = Time resting spent in this place.
 E = Time spent auto-exploring this place.
 F = Levels seen in this place.
 G = Mean time per level.
                   A        B        C        D        E       F      G
               +--------+--------+--------+--------+--------+-----+--------+
         Total |   3041 |   2779 |    262 |      0 |   2418 |   6 |  506.8 |
       Dungeon |   3041 |   2779 |    262 |      0 |   2418 |   6 |  506.8 |
               +--------+--------+--------+--------+--------+-----+--------+

Top non-repeatable levels by time:
     D:2: 1484 daAuts
     D:3: 748 daAuts
     D:1: 737 daAuts
     D:6: 35 daAuts
     D:4: 30 daAuts
     D:5: 3 daAuts
